 Dungeon Crawl Stone Soup version 0.28-a0-1143-gcf6077d4cc (webtiles) character file.

Game seed: 6673161299597505681

1 spaghetti the Sneak (level 1, -8/18 HPs)
             Began as a Mummy Delver on Dec 14, 2021.
             Was an Initiate of Cheibriados.
             Mangled by a kobold brigand (9 damage)
             ... on level 8 of the Dungeon.
             The game lasted 00:01:00 (312 turns).

spaghetti the Sneak (Mummy Delver)                   Turns: 312, Time: 00:01:01

Health: -8/18      AC:  3    Str: 16    XL:     1   Next: 16%
Magic:  1/1        EV: 11    Int: 10    God:    Cheibriados [......]
Gold:   10         SH:  0    Dex: 14    Spells: 0/0 levels left

rFire   x . .      SeeInvis .   a - +0 falchion {long}
rCold   + . .      Faith    .   (no shield)
rNeg    + + +      Spirit   .   b - +0 leather armour
rPois   ∞          Reflect  .   (no helmet)
rElec   .          Harm     .   (no cloak)
rCorr   .          Rampage  .   (no gloves)
Will    .....                   (no boots)
Stlth   ++........              (no amulet)
HPRegen 0.06/turn               (no ring)
MPRegen 0.07/turn               (no ring)

@: very slow
A: cold resistance 1, negative energy resistance 3, torment resistance 2, heat
vulnerability 1, no potions
a: Renounce Religion


You were on level 8 of the Dungeon.
You worshipped Cheibriados.
Cheibriados was noncommittal.
You visited 2 branches of the dungeon, and saw 3 of its levels.

You collected 10 gold pieces.


Innate Abilities, Weirdness & Mutations

You are immune to poison.
Your flesh is cold resistant. (rC+)
You are immune to negative energy. (rN+++)
You are immune to unholy pain and torment.
You are vulnerable to heat. (rF-)
You do not drink.


   Skills:
 - Level 3.0 Fighting
 - Level 1.5 Long Blades
 - Level 1.5 Dodging
 + Level 4.1 Stealth


You couldn't memorise any spells.
You didn't know any spells.
Your spell library was empty.

Inventory:

Hand Weapons
 a - a +0 falchion (weapon) {long}
Armour
 b - a +0 leather armour (worn)
Wands
 f - a wand of digging (3)
Scrolls
 c - a scroll of fog
 d - 2 scrolls of magic mapping {!r}

Dungeon Overview and Level Annotations

Branches:
Dungeon (5/15)             Temple (1/1) D:5

Altars:
Cheibriados ###### ..... .$K## KK.

# #K# #.#@#
#
#.#.###..##
#..........
#.#.###.###
...#.# #.##
#.# # .!#
.### #.


You could see a kobold brigand and 3 kobolds.


Message History

(D) Dungeon (T) Temple
Where to? (Enter - D:4, ? - help) Sorry, I don't know how to get there.
Unknown command.
Unknown command.
Unknown command.
There is a fountain of clear blue water here.
Found a stone staircase leading down.
There is a stone staircase leading down here.
e - a scroll labelled YDOMAI MUXOHO
As you read the scroll labelled YDOMAI MUXOHO, it crumbles to dust.
You feel strangely unstable.
It was a scroll of teleportation.
Unknown command.
(D) Dungeon (T) Temple
Where to? (Enter - D:4, ? - help)
Your surroundings suddenly seem different.
Unknown command.
Unknown command.
d - 2 scrolls of magic mapping {!r} (gained 1)
A sudden malevolence fills the Dungeon...
You fall into a shaft and drop 3 floors!
The shaft crumbles and collapses.
A kobold comes into view. It is wielding a +0 short sword.
Unknown command.
Unknown command.
Unknown command.
A kobold comes into view. It is wielding a +0 whip of holy wrath.
The kobold shouts! x2; You hear a shout! x2
A kobold comes into view. It is wielding a +0 short sword.
A kobold brigand comes into view.
It is wielding a +0 whip and quivering poisoned darts.
You hear a shout!
You closely miss the kobold. The kobold barely misses you.
You slash the kobold!
You kill the kobold!
Cheibriados thoroughly appreciates the change of pace.
You hit the kobold but do no damage. You miss the kobold brigand.
The kobold brigand closely misses you.
You barely miss the kobold brigand.
A kobold comes into view. It is wielding a +0 short sword.
The kobold brigand hits you but does no damage.
A kobold comes into view.
It is wielding a +0 club and quivering poisoned darts.
The kobold moves out of view.
You closely miss the kobold brigand. The kobold brigand barely misses you.
You hit the kobold brigand. The kobold brigand barely misses you.
The kobold brigand closely misses you.
You hit the kobold brigand.
The kobold brigand hits you with a +0 whip. 😕 HP[-4]
You take 4 damage, and now have 14/18 hp.
MASSIVE DAMAGE!! (PAUSE) Unknown command.
You can't drink.
Okay, then.
Okay, then.
Okay, then.
You hit the kobold brigand but do no damage.
The kobold brigand hits you with a +0 whip. 😮 HP[-4]
You take 4 damage, and now have 10/18 hp.
MASSIVE DAMAGE!! (PAUSE) Unknown command.
Unknown command.
Unknown command.
Okay, then.
Okay, then.
Okay, then.
Okay, then.
Okay, then.
Unknown command.
Press: ? - help, v - describe, . - travel, g - get item
Here: a kobold brigand, wielding a +0 whip and quivering poisoned darts (moderately wounded)
Items here: a +0 whip of holy wrath; 18 stones.
The floor, spattered with blood.
Okay, then.
Okay, then.
You barely miss the kobold brigand.
The kobold brigand hits you with a +0 whip.
* * * LOW HITPOINT WARNING * * *
😱 HP[-6]
You take 6 damage, and now have 4/18 hp.
MASSIVE DAMAGE!! (PAUSE) Unknown command.
Unknown command.
You hit the kobold brigand but do no damage.
The kobold brigand hits you with a +0 whip.
* * * LOW HITPOINT WARNING * * *
😱 HP[-3]
You take 3 damage, and now have 1/18 hp.
Unknown command.
Unknown command.
Unknown command.
Unknown command.
Okay, then.
You can't drink.
Unknown command.
You slash the kobold brigand!
The kobold brigand hits you with a +0 whip!
Ouch! That really hurt!
You die...

Action                   || total
-------------------------++-------
Melee: Falchion          ||    14
  Use: Scroll            ||     3
Armor: Leather armour    ||     1
Dodge: Dodged            ||     8

Levels and vault maps discovered:
D:5:      layout_basic, nicolae_ashenzari_panopticon,
          minmay_temple_entry_large_hall, hangedman_glass_teeth
D:8:      minmay_octagon_keep, layout_loops_ring, kennysheep_okawaru_gauntlet,
          kennysheep_small_circle
Temple:   bh_familiar_temple

Notes
Turn   | Place    | Note
-------+----------+-------------------------------------------
     0 | D:5      | spaghetti the Mummy Delver began the quest for the Orb.
     0 | D:5      | Reached XP level 1. HP: 18/18 MP: 1/1
     0 | D:5      | magus.rc [v1.9.6]
    31 | D:5      | Found a staircase to the Ecumenical Temple.
    31 | D:5      | Noticed a scorpion
    39 | Temple   | Entered the Ecumenical Temple
    44 | Temple   | HP: 4/18 [scorpion (5)]
    58 | Temple   | Became a worshipper of Cheibriados the Contemplative
   296 | D:5      | You fall into a shaft and drop 3 floors!
   300 | D:8      | Noticed a kobold brigand
   310 | D:8      | HP: 4/18 [kobold brigand (6)]
   311 | D:8      | HP: 1/18 [kobold brigand (3)]
   312 | D:8      | Mangled by a kobold brigand

Vanquished Creatures
  A kobold (D:8)
1 creature vanquished.

Table legend:
 A = Non-vault XP
 B = Vault XP
 C = Vault XP percentage of total XP
 D = Non-vault monster count
 E = Vault monster count
 F = Vault count percentage of total count
                 A         B        C        D         E       F
            +---------+---------+-------+---------+---------+-------
      Total |       2 |       0 |   0.0 |       1 |       0 |   0.0
            +---------+---------+-------+---------+---------+-------
        D:8 |       2 |       0 |   0.0 |       1 |       0 |   0.0
            +---------+---------+-------+---------+---------+-------

Illustrated notes

Table legend:
 A = Kills in this place as a percentage of kills in entire the game.
 B = Kills by you in this place as a percentage of kills by you in the entire game.
 C = Kills by friends in this place as a percentage of kills by friends in the entire game.
 D = Other kills in this place as a percentage of other kills in the entire game.
 E = Experience gained in this place as a percentage of experience gained in the entire game.
 F = Experience gained in this place divided by the number of levels of this place that you have seen.
                   A       B       C       D       E      F
               +-------+-------+-------+-------+-------+----------------------
         Total | 100.0 | 100.0 |   N/A |   N/A | 100.0 |   0.7
       Dungeon | 100.0 | 100.0 |   N/A |   N/A | 100.0 |   1.0
               +-------+-------+-------+-------+-------+----------------------

Table legend: (Time is in decaauts)
 A = Elapsed time spent in this place.
 B = Non-inter-level travel time spent in this place.
 C = Inter-level travel time spent in this place.
 D = Time resting spent in this place.
 E = Time spent auto-exploring this place.
 F = Levels seen in this place.
 G = Mean time per level.
                   A        B        C        D        E       F      G
               +--------+--------+--------+--------+--------+-----+--------+
         Total |    325 |    318 |      7 |    198 |     61 |   3 |  108.3 |
       Dungeon |    296 |    295 |      1 |    198 |     61 |   2 |  148.0 |
        Temple |     28 |     22 |      6 |      0 |      0 |   1 |   28.0 |
               +--------+--------+--------+--------+--------+-----+--------+

Top non-repeatable levels by time:
     D:5: 277 daAuts
  Temple: 28 daAuts
     D:8: 19 daAuts
